 Dungeon Crawl Stone Soup version 0.25-a0-690-g234afa5 (webtiles) character file.

Game seed: 17375267232337126781, levelgen mode: deterministic

182 Faca the Skirmisher (level 5, 0/43 HPs)
             Began as a Human Fighter on Mar 30, 2020.
             Killed by nerve-wracking pain
             ... invoked by an orc priest
              (14 damage)
             ... on level 3 of the Dungeon.
             The game lasted 00:07:29 (2791 turns).

Faca the Skirmisher (Human Fighter)                 Turns: 2791, Time: 00:07:29

Health: 0/43       AC:  7    Str: 17    XL:     5   Next: 93%
Magic:  5/5        EV:  7    Int:  9    God:
Gold:   85         SH:  9    Dex: 12    Spells: 4/4 levels left

rFire    + . .     SeeInvis .   a - +0 flail
rCold    . . .     Gourm    .   c - +0 kite shield
rNeg     . . .     Faith    .   b - +0 scale mail
rPois    .         Spirit   .   (no helmet)
rElec    .         Reflect  .   (no cloak)
rCorr    .         Harm     .   d - +0 pair of gloves
MR       .....                  (no boots)
Stlth    ..........             (no amulet)
HPRegen  0.14/turn              e - ring of protection from fire
MPRegen  0.09/turn              j - ring of flight

@: no status effects
A: no striking features
a: Evoke Flight


You were on level 3 of the Dungeon.
You were not hungry.

You visited 1 branch of the dungeon, and saw 3 of its levels.

You collected 85 gold pieces.

Inventory:

Hand Weapons
 a - a +0 flail (weapon)
Missiles
 h - 5 javelins (quivered)
 m - 4 boomerangs
Armour
 b - a +0 scale mail (worn)
 c - a +0 kite shield (worn)
 d - a +0 pair of gloves (worn)
Jewellery
 e - a ring of protection from fire (left hand)
 j - a ring of flight (right hand)
Scrolls
 i - a scroll of magic mapping {unknown}
 l - a scroll of blinking
 n - a scroll of identify
 o - a scroll of enchant armour {unknown}
Potions
 g - a potion of might
 k - a potion of curing
Comestibles
 f - 6 rations
 p - 2 chunks of flesh


   Skills:
 + Level 4.8 Fighting
 + Level 4.2 Maces & Flails
 - Level 3.0 Armour
 - Level 3.0 Shields


You had 4 spell levels left.
You didn't know any spells.
Your spell library was empty.

Dungeon Overview and Level Annotations

Branches:
Dungeon (3/15)

Altars:
Hepliaklqana
Trog
Yredelemnul


Message History

The leopard gecko barely misses you. x2
You hit the leopard gecko.
You kill the leopard gecko!
You hear the rapid rusting of a distant drain.
Eat one of 3 chunks of flesh? (ye/n/q)
You eat one of the 3 chunks of flesh.
This raw flesh tastes terrible.
There is an open door here.
An orc comes into view. It is wielding a +0 whip.
The orc shouts!
An orc comes into view. It is wielding a -2 club.
The orc shouts!
An orc comes into view. It is wielding a +0 club.
An orc priest comes into view. It is wielding a +0 dagger.
The orc priest calls down the wrath of Beogh upon you.
Beogh smites you! The orc hits you but does no damage.
An orc priest comes into view. It is wielding a +0 flail.
A rat and a worm come into view.
The orc priest invokes the aid of Beogh against you.
Pain shoots through your body!
You die...

#......#.....###
#....#
#..............#
#..>.
#..............#
#......o.......#
#..............#
#.....o###....##
#......###....#
#.....o.......#
#.....@........o
###≈≈......o.....
#≈≈≈..###...##.
#≈#.... ####
#≈≈≈...# #≈#rw..#
### ≈≈≈≈..#
.<..##. # #≈...#
#.#.#.#..
#.#.#.#..


You could see a worm, an orc priest, 3 orcs and a rat.

Vanquished Creatures
  2 hounds
  5 adders
  2 worms (D:2)
  A dart slug (D:1)
  4 leopard geckos
  5 orcs (D:3)
  4 giant cockroaches
  7 goblins
  4 hobgoblins
  6 jackals
  6 kobolds
  A quokka (D:2)
  3 bats
  3 frilled lizards (D:1)
  8 rats
61 creatures vanquished.

Notes
Turn   | Place    | Note
-------+----------+-------------------------------------------
     0 | D:1      | Faca the Human Fighter began the quest for the Orb.
     0 | D:1      | Reached XP level 1. HP: 18/18 MP: 1/1
   199 | D:1      | Reached XP level 2. HP: 20/24 MP: 2/2
   816 | D:2      | Found a hazy altar of Hepliaklqana,
   817 | D:2      | Found a bloodstained altar of Trog,
   834 | D:1      | Reached XP level 3. HP: 5/29 MP: 3/3
  1047 | D:2      | Found a basalt altar of Yredelemnul,
  1166 | D:2      | Reached XP level 4. HP: 32/37 MP: 4/4
  1758 | D:2      | Reached XP level 5. HP: 22/43 MP: 5/5
  2791 | D:3      | Killed from afar by an orc priest

Levels and vault maps discovered:
D:1:      wheals_arrival_shading, layout_basic
D:2:      layout_loops_ring, lemuel_round_altar, grunt_temple_overflow_open,
          first_ration, grunt_ministairs_11, minmay_pentomino_u2
D:3:      layout_basic, lightli_sewer_entry_pipes, minmay_misc_feat_more_columns

Skill      XL: |  1  2  3  4  5 |
---------------+----------------+-----
Maces & Flails | 3 4 |  4.2
Fighting       | 4 |  4.8
Armour         | |  3.0
Shields        | |  3.0

Action                   |  1- 3 |  4- 6 || total
-------------------------+-------+-------++-------
Melee: Flail             |    96 |   183 ||   279
  Use: Potion            |     2 |       ||     2
       Scroll            |       |     2 ||     2
  Eat: Chunk             |     1 |     6 ||     7
Armor: Scale mail        |    50 |    74 ||   124
Dodge: Dodged            |    25 |    57 ||    82
Block: Kite shield       |    42 |    84 ||   126

Table legend:
 A = Non-vault XP
 B = Vault XP
 C = Vault XP percentage of total XP
 D = Non-vault monster count
 E = Vault monster count
 F = Vault count percentage of total count
                 A         B        C        D         E       F
            +---------+---------+-------+---------+---------+-------
      Total |     214 |      47 |  18.0 |      58 |       3 |   4.9
            +---------+---------+-------+---------+---------+-------
        D:1 |      44 |       0 |   0.0 |      19 |       0 |   0.0
        D:2 |      86 |      47 |  35.3 |      24 |       3 |  11.1
        D:3 |      84 |       0 |   0.0 |      15 |       0 |   0.0
            +---------+---------+-------+---------+---------+-------
